 Dungeon Crawl Stone Soup version 0.30-a0-964-gd452b5e7fa (webtiles) character file.

Game seed: 10155457620270196445

498 Ahpoh the Slasher (level 7, -3/42 HPs)
             Began as a Gargoyle Gladiator on Mar 30, 2023.
             Slain by Edmund
             ... wielding a +4 heavy dire flail
              (23 damage)
             ... on level 5 of the Dungeon.
             The game lasted 00:10:53 (3919 turns).

Ahpoh the Slasher (Gargoyle Gladiator)              Turns: 3919, Time: 00:10:54

Health: -3/42      AC: 16    Str: 17    XL:     7   Next: 16%
Magic:  7/7        EV:  7    Int:  9    God:
Gold:   142        SH:  9    Dex: 13    Spells: 6/6 levels left

rFire   . . .      SeeInvis .    f - +2 long sword (holy)
rCold   . . .      Faith    .    c - +0 buckler
rNeg    + . .      Spirit   .    C - +0 chain mail
rPois   ∞          Reflect  +    z - +0 helmet
rElec   +          Rampage  .    (no cloak)
rCorr   .                        d - +0 pair of gloves
Will    .....                    (no boots) Stlth
                                 m - amulet of reflection
HPRegen 0.27/turn                (no ring)
MPRegen 0.10/turn                (no ring)

@: no status effects
A: sickness immunity, AC +4, negative energy resistance 1, electricity
resistance, torment resistance 1, petrification resistance
a: no special abilities


You were on level 5 of the Dungeon.
You visited 1 branch of the dungeon, and saw 5 of its levels.

You collected 142 gold pieces.

Inventory:

Hand Weapons
 a - a +0 long sword
 f - a +2 long sword of holy wrath (weapon)
Missiles
 h - a throwing net (quivered)
Armour
 b - a +0 leather armour
 c - a +0 buckler (worn)
 d - a +0 pair of gloves (worn)
 v - a +0 ring mail
 x - a +0 scale mail
 z - a +0 helmet (worn)
 C - a +0 chain mail (worn)
Jewellery
 m - an amulet of reflection (around neck)
Scrolls
 i - 2 scrolls of noise
 l - a scroll of fog
 p - a scroll of brand weapon
 q - a scroll of teleportation
 t - a scroll of butterflies
 y - 2 scrolls of vulnerability
 B - a scroll of torment
 D - a scroll of poison {unknown}
Potions
 g - a potion of invisibility
 j - 4 potions of curing
 k - a potion of magic
 n - 2 potions of cancellation
 o - 2 potions of degeneration
 r - a potion of brilliance
 w - a potion of might {unknown}
 A - 2 potions of haste


   Skills:
 + Level 3.8 Fighting
 + Level 4.9 Long Blades
 + Level 2.3 Throwing
 + Level 3.0 Armour
 + Level 3.3 Dodging
 + Level 1.1 Stealth
 + Level 1.0 Shields


You had 6 spell levels left.
You didn't know any spells.
Your spell library contained the following spells:

 Spells                   Type           Power      Damage    Failure   Level
 Beastly Appendage        Tmut           0%         N/A       100%        1
 Summon Small Mammal      Summ           0%         N/A       100%        1
 Wereblood                Tmut           0%         N/A       100%        2
 Call Canine Familiar     Summ           0%         N/A       100%        3
 Spider Form              Tmut/Pois      0%         N/A       100%        3
 Summon Guardian Golem    Hex/Summ       0%         N/A       100%        3


Dungeon Overview and Level Annotations

Branches:
Dungeon (5/15)
 Temple: D:4-7

Altars:
Ashenzari
Fedhas
Kikubaaqudgha
Nemelex Xobeh
Okawaru
Qazlal
Trog
Uskayaw
Vehumet
Xom

Annotations:
D:5 Edmund, Grinder, Pikel


Innate Abilities, Weirdness & Mutations

You are immune to sickness and miasma.
Your stone body is resilient. (AC +4)
You are immune to poison.
You resist negative energy. (rN+)
You are resistant to electric shocks. (rElec)
You are resistant to unholy torment.
You are immune to petrification.


Message History

Aim: Edmund, wielding a +4 heavy dire flail and wearing a +0 chain mail (lightly wounded, very poisoned, 67% to hit)
You throw a javelin. The javelin barely misses Edmund.
Unknown command.
Found a spear.
Edmund says, "Everyone always remembers my brother. 'Who's Edmund?' they ask!"
Edmund looks more healthy.
You block Edmund's attack.
You hit Edmund but do no damage.
Edmund is moderately wounded.
Edmund barely misses you.
You slash Edmund!
Edmund is heavily wounded.
You barely miss Edmund.
Edmund is heavily wounded.
Edmund barely misses you.
You hit Edmund but do no damage.
Edmund is heavily wounded.
Edmund hits you with a +4 heavy dire flail.
You hit Edmund.
Edmund is severely wounded.
Edmund hits you with a +4 heavy dire flail.
You closely miss Edmund.
Edmund is severely wounded.
Edmund hits you with a +4 heavy dire flail.
You hit Edmund but do no damage.
Edmund is severely wounded.
You hit Edmund.
Edmund is severely wounded.
Edmund hits you with a +4 heavy dire flail!
You barely miss Edmund.
Edmund is severely wounded.
Edmund barely misses you.
You hit Edmund.
Edmund is almost dead.
Edmund hits you but does no damage.
You hit Edmund.
Edmund is almost dead.
Edmund hits you with a +4 heavy dire flail!!
Ouch! That really hurt!
You die...

#................
#........##......
#...)...#........
#.......#.##.###.
#.......#.#..# ..
#.......#.#..#.#.
#######.#.#..#.#.
.##############.#.#...
#. ....)...@@......#.#
#################


You could see Edmund.

Vanquished Creatures
  An ice beast (D:5)
  An ogre (D:5)
  A scorpion (D:3)
  3 hounds
  2 iguanas
  5 adders
  An ufetubus (D:4)
  A worm (D:3)
  2 dart slugs (D:3)
  An orc (D:4)
  4 ball pythons
  A bat (D:2)
  2 endoplasms
  9 giant cockroaches
  6 hobgoblins
  7 kobolds
  3 quokkas
  A frilled lizard (D:2)
  3 goblins
  5 rats
59 creatures vanquished.

Notes
Turn   | Place    | Note
-------+----------+-------------------------------------------
     0 | D:1      | Ahpoh the Gargoyle Gladiator began the quest for the Orb.
     0 | D:1      | Reached XP level 1. HP: 12/12 MP: 1/1
   499 | D:1      | Reached skill level 3 in Long Blades
   558 | D:1      | Reached XP level 2. HP: 17/17 MP: 2/2
  1059 | D:2      | Reached XP level 3. HP: 22/22 MP: 3/3
  1790 | D:3      | Reached XP level 4. HP: 27/27 MP: 4/4
  1793 | D:3      | Noticed a scorpion
  1808 | D:3      | Killed a scorpion
  1809 | D:3      | Reached skill level 1 in Armour
  1809 | D:3      | Reached XP level 5. HP: 19/31 MP: 5/5
  1855 | D:3      | Found a hide-covered altar of Uskayaw.
  2065 | D:3      | Found a blossoming altar of Fedhas.
  2989 | D:4      | Reached skill level 4 in Long Blades
  2989 | D:4      | Reached XP level 6. HP: 31/37 MP: 6/6
  3342 | D:5      | Entered Level 5 of the Dungeon
  3343 | D:5      | Noticed an ice beast
  3363 | D:5      | Killed an ice beast
  3364 | D:5      | Reached skill level 1 in Stealth
  3525 | D:5      | Found a stormy altar of Qazlal.
  3574 | D:5      | Reached XP level 7. HP: 42/42 MP: 7/7
  3610 | D:5      | Found a radiant altar of Vehumet.
  3614 | D:5      | Found a sparkling altar of Nemelex Xobeh.
  3619 | D:5      | Found an ancient bone altar of Kikubaaqudgha.
  3621 | D:5      | Found a bloodstained altar of Trog.
  3627 | D:5      | Noticed Edmund
  3659 | D:5      | Noticed Pikel
  3670 | D:5      | Found a shimmering altar of Xom.
  3670 | D:5      | Found a shimmering altar of Xom.
  3670 | D:5      | Found an ornate altar of the Wu Jian Council.
  3670 | D:5      | Found a bloodstained altar of Trog.
  3670 | D:5      | Found an iron altar of Okawaru.
  3670 | D:5      | Found a broken altar of Ashenzari.
  3763 | D:5      | Noticed Grinder
  3789 | D:5      | Reached skill level 1 in Shields
  3919 | D:5      | Slain by Edmund

Illustrated notes

Levels and vault maps discovered:
D:1:      dpeg_arrival_water_temple_mockup, layout_loops_corners
D:2:      layout_loops_ring, hangedman_decor_riveting,
          chequers_serial_rivers_small_b
D:3:      layout_basic, fedhas_altar_3,
          nicolae_uskayaw_murder_on_the_dancefloor, dreamdust_mushroom_princess
D:4:      layout_cave_pools, small_statue_intersection
D:5:      layout_basic, grunt_temple_overflow_open, doesnt_xom_only_xom,
          uniq_grinder, uniq_edmund, uniq_pikel

Skill      XL: |  1  2  3  4  5  6  7 |
---------------+----------------------+-----
Long Blades    | 3 4 |  4.9
Throwing       | 2 |  2.3
Dodging        | 3 |  3.3
Armour         | 1 2 3 |  3.0
Fighting       | 3 |  3.8
Stealth        | 1 |  1.1
Shields        | 1 |  1.0

Action                     |  1- 3 |  4- 6 |  7- 9 || total
---------------------------+-------+-------+-------++-------
  Melee: Long sword        |   110 |   100 |    18 ||   228
  Throw: Throwing net      |       |     5 |       ||     5
         Dart              |       |     6 |     6 ||    12
         Javelin           |       |     1 |     1 ||     2
    Use: Scroll            |     7 |     4 |     4 ||    15
   Stab: Sleeping          |     1 |       |       ||     1
         Held in net/web   |       |     2 |       ||     2
 Armour: Leather armour    |    60 |     7 |       ||    67
         Scale mail        |       |    27 |       ||    27
         Ring mail         |       |     7 |       ||     7
         Chain mail        |       |    14 |    27 ||    41
  Dodge: Dodged            |    82 |    57 |    26 ||   165
  Block: Buckler           |       |    22 |    22 ||    44

Table legend: (Time is in decaauts)
 A = Elapsed time spent in this place.
 B = Non-inter-level travel time spent in this place.
 C = Inter-level travel time spent in this place.
 D = Time resting spent in this place.
 E = Time spent auto-exploring this place.
 F = Levels seen in this place.
 G = Mean time per level.
                   A        B        C        D        E       F      G
               +--------+--------+--------+--------+--------+-----+--------+
         Total |   3974 |   3791 |    183 |     88 |   2384 |   5 |  794.8 |
       Dungeon |   3974 |   3791 |    183 |     88 |   2384 |   5 |  794.8 |
               +--------+--------+--------+--------+--------+-----+--------+

Top non-repeatable levels by time:
     D:3: 970 daAuts
     D:1: 902 daAuts
     D:2: 859 daAuts
     D:4: 704 daAuts
     D:5: 538 daAuts
